 Dungeon Crawl Stone Soup version 0.29.0-4-gdea44cf6ec (webtiles) character file.

Game seed: 13689644304782970047

244 qw the Chopper (level 5, 0/41 HPs)
             Began as a Demonspawn Cinder Acolyte on Sept 9, 2022.
             Was a High Priest of Ignis.
             Slain by Edmund
             ... wielding a +4 dire flail of protection
              (16 damage)
             ... on level 4 of the Dungeon.
             The game lasted 00:01:31 (3500 turns).

qw the Chopper (Demonspawn Cinder Acolyte)          Turns: 3500, Time: 00:01:32

Health: 0/41       AC: 23    Str: 16    XL:     5   Next: 83%
Magic:  6/6        EV: 10    Int: 15    God:    Ignis [*****.]
Gold:   149        SH:  0    Dex:  9    Spells: 6/6 levels left

rFire   + + .      SeeInvis .   Y - +0 hand axe (flame)
rCold   . . .      Faith    .   (no shield)
rNeg    . . .      Spirit   .   b - quicksilver dragon scales
rPois   .          Reflect  .   c - +0 helmet
rElec   .          Harm     .   (no cloak)
rCorr   .          Rampage  .   (no gloves)
Will    +....                   (no boots)
Stlth   ..........              l - amulet of regeneration
HPRegen 0.93/turn               f - ring of protection from fire
MPRegen 0.10/turn               (no ring)

@: sanguine armoured, fiery-armoured
A: sanguine armour 1
a: Renounce Religion, Fiery Armour, Foxfire Swarm, Rising Flame


You were on level 4 of the Dungeon.
You worshipped Ignis.
Ignis was extremely pleased with you.
You visited 1 branch of the dungeon, and saw 5 of its levels.

You collected 149 gold pieces.


Innate Abilities, Weirdness & Mutations

When seriously injured, your blood forms armour. (AC +6)


   Skills:
 - Level 3.0 Fighting
 + Level 5.6 Axes
 - Level 1.1 Armour
 - Level 1.3 Dodging
 - Level 1.0 Spellcasting
 - Level 2.6 Fire Magic


You had 6 spell levels left.
You didn't know any spells.
Your spell library contained the following spells:

 Spells                   Type           Power      Damage    Failure   Level
 Scorch                   Fire           16%        2d5       24%         2

Inventory:

Hand Weapons
 Y - a +0 hand axe of flaming (weapon)
Armour
 b - quicksilver dragon scales (worn)
 c - a +0 helmet (worn)
Jewellery
 f - a ring of protection from fire (left hand)
 l - an amulet of regeneration (around neck)
Scrolls
 e - a scroll of identify
Potions
 d - a potion of curing

Dungeon Overview and Level Annotations

Branches:
Dungeon (5/15)             Temple (0/1) D:4

Altars:
Trog

Annotations:
D:4 Edmund


Message History

You closely miss Edmund.
Edmund is heavily wounded.
Edmund hits you with a +4 dire flail of protection!
Your blood congeals into armour.
Edmund is burned by your cloak of flames.
Edmund is severely wounded.
You hit Edmund but do no damage.
Edmund is severely wounded.
Edmund hits you but does no damage.
Edmund is burned by your cloak of flames.
Edmund is severely wounded.
You hit Edmund but do no damage.
Edmund is severely wounded.
Your blood armour dries and flakes away.
Edmund hits you but does no damage.
Edmund is burned by your cloak of flames.
Edmund is severely wounded.
You closely miss Edmund.
Edmund is severely wounded.
Edmund closely misses you.
You hit Edmund but do no damage.
Edmund is severely wounded.
Edmund says, "People think my brother is the best.
I think he's crazy."
Edmund hits you with a +4 dire flail of protection.
Your blood congeals into armour.
You hit Edmund. You burn Edmund.
Edmund is almost dead.
Edmund hits you with a +4 dire flail of protection!
Edmund is burned by your cloak of flames.
Edmund is almost dead.
You barely miss Edmund.
Edmund is almost dead.
Edmund hits you with a +4 dire flail of protection.
You hit Edmund. You burn Edmund.
Edmund is almost dead.
Edmund drinks a potion.
Edmund is healed!
You hit Edmund but do no damage.
Edmund is almost dead.
Edmund hits you with a +4 dire flail of protection!
You die...

#.###### #...# #
#..#... ##### #
#..####### #
#....$...# ..
#........ ##
#......#
######...#..#.#
..............#
#.###@@...#
#...>.#......
............####
.#.#.#.#......#
..........###.#
.#.#.#.#... ..
.........##. .
.#.#.#.#.. ..
.........# #.


You could see Edmund.

Vanquished Creatures
  A scorpion (D:5)
  2 adders
  7 gnolls (D:3)
  4 worms
  3 dart slugs
  10 bats
  5 endoplasms
  5 giant cockroaches
  3 goblins
  6 hobgoblins
  2 jackals (D:3)
  2 quokkas (D:1)
  8 ball pythons
  4 frilled lizards
  10 kobolds
  8 rats
80 creatures vanquished.

Vanquished Creatures (others)
  4 plants (D:5)
4 creatures vanquished.

Grand Total: 84 creatures vanquished

Notes
Turn   | Place    | Note
-------+----------+-------------------------------------------
     0 | D:1      | qw the Demonspawn Cinder Acolyte began the quest for the
                  | Orb.
     0 | D:1      | Reached XP level 1. HP: 18/18 MP: 2/2
     0 | D:1      | 0 ||| qw: Version: 0.1-a-113-g051387a
     0 | D:1      | 0 ||| qw: Game counter: 7157
     0 | D:1      | 0 ||| qw: Always use a shield: true
     0 | D:1      | 0 ||| qw: God list: Okawaru
     0 | D:1      | 0 ||| qw: Allow faded altars: false
     0 | D:1      | 0 ||| qw: Do Orc after D:15 true
     0 | D:1      | 0 ||| qw: Do second Lair branch before Depths: true
     0 | D:1      | 0 ||| qw: Lair rune preference: random
     0 | D:1      | 0 ||| qw: Plans: Normal
     0 | D:1      | 0 ||| PLANNING D:1-11
   172 | D:1      | Reached skill level 3 in Axes
   249 | D:1      | Gained mutation: When seriously injured, your blood forms
                  | armour. (AC +6) [demonic ancestry]
   249 | D:1      | Reached XP level 2. HP: 17/24 MP: 3/3
   645 | D:1      | 645 ||| Stepping ~*~*~tactically~*~*~ (hiding).
   975 | D:1      | Reached XP level 3. HP: 29/29 MP: 4/4
  1248 | D:1      | Reached skill level 4 in Axes
  1576 | D:1      | 1576 ||| UPGRADING to +0 leather armour.
  1586 | D:1      | 1586 ||| DROPPING +0 robe.
  1587 | D:1      | 1587 ||| UPGRADING to +0 ring mail.
  1597 | D:1      | 1597 ||| DROPPING +0 leather armour.
  1598 | D:1      | 1598 ||| UPGRADING to amulet of regeneration.
  1603 | D:1      | 1603 ||| UPGRADING to ring of protection from fire.
  1604 | D:1      | 1604 ||| DROPPING ring of flight.
  1605 | D:1      | 1605 ||| READING scroll labelled MUIHUE NAUXZO.
  1606 | D:1      | 1606 ||| READING scroll labelled JAMOMNOIFA.
  1607 | D:1      | 1607 ||| READING scroll labelled FIVVUU REOSEDA.
  1608 | D:1      | 1608 ||| READING scroll labelled UMNY NIAMPEA.
  1609 | D:1      | 1609 ||| DRINKING 2 grey potions.
  1630 | D:2      | 1630 ||| STAIRDANCE
  1640 | D:2      | 1640 ||| STAIRDANCE
  1904 | D:2      | 1904 ||| Stepping ~*~*~tactically~*~*~ (stealth).
  1977 | D:2      | Reached XP level 4. HP: 34/35 MP: 5/5
  2067 | D:2      | Found a bloodstained altar of Trog.
  2281 | D:2      | 2281 ||| UPGRADING to quicksilver dragon scales.
  2291 | D:2      | 2291 ||| DROPPING +0 ring mail.
  2292 | D:2      | 2292 ||| READING 2 scrolls labelled CAL JALIMI.
  2293 | D:2      | 2293 ||| DROPPING scroll of amnesia.
  2329 | D:3      | Found a faded altar of an unknown god.
  2331 | D:3      | 2331 ||| Stepping ~*~*~tactically~*~*~ (stealth).
  2341 | D:3      | 2341 ||| FLEEEEING.
  2343 | D:3      | 2343 ||| FLEEEEING.
  2351 | D:3      | 2351 ||| FLEEEEING.
  2352 | D:3      | 2352 ||| FLEEEEING.
  2353 | D:3      | 2353 ||| FLEEEEING.
  2354 | D:3      | 2354 ||| FLEEEEING.
  2355 | D:3      | 2355 ||| FLEEEEING.
  2356 | D:3      | 2356 ||| FLEEEEING.
  2357 | D:3      | 2357 ||| FLEEEEING.
  2358 | D:3      | 2358 ||| STAIRDANCE
  2610 | D:3      | 2610 ||| Stepping ~*~*~tactically~*~*~ (hiding).
  2617 | D:3      | 2617 ||| INVOKING Fiery Armour.
  2624 | D:3      | Reached skill level 1 in Armour
  2626 | D:3      | Reached skill level 1 in Dodging
  2871 | D:3      | Reached XP level 5. HP: 36/41 MP: 6/6
  2879 | D:3      | 2879 ||| INVOKING Fiery Armour.
  2894 | D:3      | Reached skill level 5 in Axes
  3085 | D:3      | 3085 ||| READING scroll labelled CECKI HEOFAPTA.
  3088 | D:3      | 3088 ||| READING scroll labelled QACHAROBOC.
  3089 | D:3      | 3089 ||| READING scroll labelled ZEARHU XU MAPT.
  3090 | D:3      | 3090 ||| READING 2 scrolls of identify.
  3090 | D:3      | 3090 ||| IDENTIFYING clear potion
  3091 | D:3      | 3091 ||| DROPPING potion of flight.
  3149 | D:4      | Found a staircase to the Ecumenical Temple.
  3158 | D:4      | 3158 ||| Stepping ~*~*~tactically~*~*~ (stealth).
  3340 | D:4      | You fall into a shaft and drop 1 floor!
  3340 | D:5      | Entered Level 5 of the Dungeon
  3420 | D:5      | 3420 ||| UPGRADING to +0 helmet.
  3425 | D:5      | 3425 ||| READING scroll labelled FAENWA NEDU.
  3426 | D:5      | 3426 ||| READING 3 scrolls of identify.
  3426 | D:5      | 3426 ||| IDENTIFYING puce potion
  3427 | D:5      | 3427 ||| READING 2 scrolls of identify.
  3427 | D:5      | 3427 ||| IDENTIFYING golden potion
  3428 | D:5      | 3428 ||| DROPPING potion of ambrosia.
  3429 | D:5      | 3429 ||| Stepping randomly (stuck).
  3430 | D:5      | 3430 ||| Stepping ~*~*~tactically~*~*~ (cloud).
  3471 | D:4      | Noticed Edmund
  3484 | D:4      | 3484 ||| INVOKING Fiery Armour.
  3490 | D:4      | HP: 3/41 [Edmund/+4 dire flail of protection (13)]
  3491 | D:4      | 3491 ||| DRINKING potion of heal wounds.
  3500 | D:4      | Slain by Edmund

Levels and vault maps discovered:
D:1:      heliophobic_arrival_glass_houses, layout_basic, corner_web_ring
D:2:      layout_basic, basic_altar
D:3:      layout_basic, hellmonk_ecumenical_altar_dog_temple,
          nicolae_figureground_pulse
D:4:      layout_basic, general_overflow_altar, mainiacjoe_overflow_brackets,
          minmay_temple_entry_arrows, serial_co_window_serial,
          co_window_corner_a, co_window_corner_a, co_window_paths_b,
          co_window_corner_a, co_window_paths_a, co_window_paths_a,
          co_window_paths_a, co_window_of_opportunity_b, co_window_paths_c,
          co_window_broadway_b, co_window_corner_cb, co_window_4corner_b,
          glass_columns_a, glass_columns_a, glass_columns_c,
          uniq_crazy_yiuf_cottage, uniq_edmund
D:5:      layout_loops_cross, mainiacjoe_overflow_chevrons,
          hangedman_decor_push, uniq_menkaure

Skill      XL: |  1  2  3  4  5 |
---------------+----------------+-----
Axes           | 3 4 5 |  5.6
Armour         | 1 |  1.1
Dodging        | 1 |  1.3
Fighting       | |  3.0
Spellcasting   | |  1.0
Fire Magic     | |  2.6

Action                   |  1- 3 |  4- 6 || total
-------------------------+-------+-------++-------
Melee: Hand axe          |   156 |   140 ||   296
       Punch             |     3 |     1 ||     4
Invok: Fiery Armour      |       |     3 ||     3
  Use: Scroll            |     4 |     8 ||    12
       Potion            |     1 |     1 ||     2
Armor: Robe              |    30 |       ||    30
       Ring mail         |    14 |       ||    14
       Quicksilver drago |       |    58 ||    58
Dodge: Dodged            |   108 |    55 ||   163

Table legend:
 A = Non-vault XP
 B = Vault XP
 C = Vault XP percentage of total XP
 D = Non-vault monster count
 E = Vault monster count
 F = Vault count percentage of total count
                 A         B        C        D         E       F
            +---------+---------+-------+---------+---------+-------
      Total |     345 |       4 |   1.1 |      78 |       2 |   2.5
            +---------+---------+-------+---------+---------+-------
        D:1 |      58 |       0 |   0.0 |      33 |       0 |   0.0
        D:2 |      48 |       0 |   0.0 |      18 |       0 |   0.0
        D:3 |     133 |       4 |   2.9 |      23 |       2 |   8.0
        D:4 |      18 |       0 |   0.0 |       3 |       0 |   0.0
        D:5 |      88 |       0 |   0.0 |       1 |       0 |   0.0
            +---------+---------+-------+---------+---------+-------
